| TOP OF THE 1ST |
|
Harrisburg Senators batting - Pitching for Reading Fightin Phils : RHP Dale Turner
|
|
Pitching: RHP Dale Turner
|
|
|
Batting: RHB Bobby Bricker
|
0-0: Swinging Strike 0-1: Fly out, F9 (Flyball, 89S, EV 95.0 MPH)
|
|
Batting: RHB Er Le
|
0-0: Foul Ball, location: 2F 0-1: Ball 1-1: Ball 2-1: Ground out 6-3 (Groundball, 56D, EV 90.0 MPH)
|
|
Batting: LHB Kevin Kantor
|
0-0: Called Strike 0-1: Called Strike 0-2: Ball 1-2: Strikes out looking
|
| Top of the 1st over - 0 runs, 0 hits, 0 errors, 0 left on base; Harrisburg 0 - Reading 0 |
| BOTTOM OF THE 1ST |
|
Reading Fightin Phils batting - Pitching for Harrisburg Senators : RHP Jimmy Purscell
|
|
Pitching: RHP Jimmy Purscell
|
|
|
Batting: RHB Alberto Ramirez
|
0-0: Ground out 5-3 (Groundball, 56, EV 89.4 MPH)
|
|
Batting: RHB Chris Myers
|
0-0: Ground out 6-3 (Groundball, 56, EV 102.5 MPH)
|
|
Batting: RHB Greg Herzig
|
0-0: Ball 1-0: Foul Ball, location: 2F 1-1: Foul Ball, location: 2F 1-2: Ball 2-2: Ball 3-2: Ground out 6-3 (Groundball, 6, EV 87.5 MPH)
|
| Bottom of the 1st over - 0 runs, 0 hits, 0 errors, 0 left on base; Harrisburg 0 - Reading 0 |
| TOP OF THE 2ND |
|
Harrisburg Senators batting - Pitching for Reading Fightin Phils : RHP Dale Turner
|
|
Batting: LHB Chris Williams
|
0-0: Foul Ball, location: 2F 0-1: Foul Ball, location: 2F 0-2: Foul Ball, location: 2F 0-2: Hit by Pitch
|
|
Batting: RHB Nate Dickinson
|
0-0: SINGLE (Groundball, 6MD, EV 96.9 MPH) Chris Williams to second
|
|
Batting: RHB Pat Scaturro
|
0-0: Ball 1-0: Foul Ball, location: 2F 1-1: Swinging Strike 1-2: Ball 2-2: Strikes out swinging
|
|
Batting: LHB Chance McWilliams
|
0-0: Ball 1-0: Ball 2-0: Ball 3-0: Called Strike 3-1: Base on Balls Chris Williams to third Nate Dickinson to second
|
|
Batting: RHB Antonio Vallez
|
0-0: DOUBLE (Flyball, 89D, EV 97.5 MPH) Chris Williams scores Nate Dickinson scores Chance McWilliams to third
|
|
Batting: RHB Victor Cintron
|
0-0: Swinging Strike 0-1: Ground out 4-3 (Groundball, 34, EV 87.5 MPH) Chance McWilliams scores Antonio Vallez to third
|
|
Batting: RHB Bobby Bricker
|
0-0: Ball 1-0: Foul Ball, location: 2F 1-1: Foul Ball, location: 2F 1-2: Foul Ball, location: 2F 1-2: Ball 2-2: Fly out, F7 (Flyball, 7S, EV 92.5 MPH)
|
| Top of the 2nd over - 3 runs, 2 hits, 0 errors, 1 left on base; Harrisburg 3 - Reading 0 |
| BOTTOM OF THE 2ND |
|
Reading Fightin Phils batting - Pitching for Harrisburg Senators : RHP Jimmy Purscell
|
|
Batting: RHB Victor Arroyo
|
0-0: Ball 1-0: Foul Ball, location: 2F 1-1: Ball 2-1: Ball 3-1: Swinging Strike 3-2: Strikes out swinging
|
|
Batting: RHB Guan-pei Gao
|
0-0: Ball 1-0: Called Strike 1-1: Ball 2-1: Foul Ball, location: 2F 2-2: Ball 3-2: Strikes out swinging
|
|
Batting: RHB David Clough
|
0-0: Called Strike 0-1: Fly out, F4 (Popup, 34D, EV 50.6 MPH)
|
| Bottom of the 2nd over - 0 runs, 0 hits, 0 errors, 0 left on base; Harrisburg 3 - Reading 0 |
| TOP OF THE 3RD |
|
Harrisburg Senators batting - Pitching for Reading Fightin Phils : RHP Dale Turner
|
|
Batting: RHB Er Le
|
0-0: Ball 1-0: Fly out, F1 (Line Drive, P, EV 71.2 MPH)
|
|
Batting: LHB Kevin Kantor
|
0-0: Ball 1-0: Called Strike 1-1: Ball 2-1: Foul Ball, location: 2F 2-2: Ball 3-2: Fly out, F8 (Flyball, 78M, EV 96.2 MPH)
|
|
Batting: LHB Chris Williams
|
0-0: Foul Ball, location: 2F 0-1: Foul Ball, location: 2F 0-2: Foul Ball, location: 2F 0-2: Ball 1-2: Ball 2-2: Foul Ball, location: 2F 2-2: Ball 3-2: SOLO HOME RUN (Line Drive, 9D, EV 97.5 MPH), Distance : 380 ft
|
|
Batting: RHB Nate Dickinson
|
0-0: Ball 1-0: Called Strike 1-1: Called Strike 1-2: Foul Ball, location: 2F 1-2: SINGLE (Groundball, 56D, EV 94.4 MPH)
|
|
Batting: RHB Pat Scaturro
|
0-0: Ball Nate Dickinson steals 2nd base 1-0: Ball 2-0: Foul Ball, location: 2F 2-1: Called Strike 2-2: Ground out 6-3 (Groundball, 6, EV 103.1 MPH)
|
| Top of the 3rd over - 1 run, 2 hits, 0 errors, 1 left on base; Harrisburg 4 - Reading 0 |
| BOTTOM OF THE 3RD |
|
Reading Fightin Phils batting - Pitching for Harrisburg Senators : RHP Jimmy Purscell
|
|
Batting: RHB Mike Bell
|
0-0: Ball 1-0: Ball 2-0: Fly out, F8 (Flyball, 8RXD, EV 85.6 MPH)
|
|
Batting: RHB Jake Cox
|
0-0: Called Strike 0-1: Called Strike 0-2: Foul Ball, location: 2F 0-2: Ball 1-2: Ball 2-2: Strikes out swinging
|
|
Batting: RHB Mike Meeker
|
0-0: Ball 1-0: Ball 2-0: Ball 3-0: Base on Balls
|
|
Batting: RHB Alberto Ramirez
|
0-0: Ground out 5-3 (Groundball, 56S, EV 91.9 MPH)
|
| Bottom of the 3rd over - 0 runs, 0 hits, 0 errors, 1 left on base; Harrisburg 4 - Reading 0 |
| TOP OF THE 4TH |
|
Harrisburg Senators batting - Pitching for Reading Fightin Phils : RHP Dale Turner
|
|
Batting: LHB Chance McWilliams
|
0-0: Called Strike 0-1: Ball 1-1: Fly out, F4 (Popup, 4MD, EV 53.1 MPH)
|
|
Batting: RHB Antonio Vallez
|
0-0: Ground out 6-3 (Groundball, 6, EV 103.1 MPH)
|
|
Batting: RHB Victor Cintron
|
0-0: Ball 1-0: Called Strike 1-1: Foul Ball, location: 2F 1-2: Foul Ball, location: 2F 1-2: Strikes out looking
|
| Top of the 4th over - 0 runs, 0 hits, 0 errors, 0 left on base; Harrisburg 4 - Reading 0 |
| BOTTOM OF THE 4TH |
|
Reading Fightin Phils batting - Pitching for Harrisburg Senators : RHP Jimmy Purscell
|
|
Batting: RHB Chris Myers
|
0-0: Called Strike 0-1: Foul Ball, location: 2F 0-2: Foul Ball, location: 2F 0-2: Ball 1-2: Ball 2-2: Foul Ball, location: 2F 2-2: Ball 3-2: Foul Ball, location: 2F 3-2: Fly out, F7 (Flyball, 78S, EV 93.1 MPH)
|
|
Batting: RHB Greg Herzig
|
0-0: Swinging Strike 0-1: Ground out U3 (Groundball, 34, EV 106.9 MPH)
|
|
Batting: RHB Victor Arroyo
|
0-0: Ball 1-0: Ball 2-0: Foul Ball, location: 2F 2-1: Fly out, F7 (Flyball, 7LM, EV 98.8 MPH)
|
| Bottom of the 4th over - 0 runs, 0 hits, 0 errors, 0 left on base; Harrisburg 4 - Reading 0 |
| TOP OF THE 5TH |
|
Harrisburg Senators batting - Pitching for Reading Fightin Phils : RHP Dale Turner
|
|
Batting: RHB Bobby Bricker
|
0-0: Called Strike 0-1: Ground out 6-3 (Groundball, 6M, EV 88.8 MPH)
|
|
Batting: RHB Er Le
|
0-0: Ball 1-0: Ball 2-0: Ball 3-0: Ground out 6-3 (Groundball, 6, EV 95.6 MPH)
|
|
Batting: LHB Kevin Kantor
|
0-0: Ball 1-0: Called Strike 1-1: Ball 2-1: Ball 3-1: Called Strike 3-2: Foul Ball, location: 2F 3-2: Ground out U3 (Groundball, 3L, EV 84.4 MPH)
|
| Top of the 5th over - 0 runs, 0 hits, 0 errors, 0 left on base; Harrisburg 4 - Reading 0 |
| BOTTOM OF THE 5TH |
|
Reading Fightin Phils batting - Pitching for Harrisburg Senators : RHP Jimmy Purscell
|
|
Batting: RHB Guan-pei Gao
|
0-0: Foul Ball, location: 2F 0-1: SINGLE (Groundball, 6MD, EV 99.4 MPH)
|
|
Batting: RHB David Clough
|
0-0: Called Strike 0-1: Swinging Strike 0-2: Ball 1-2: Ball 2-2: Ball 3-2: Base on Balls Guan-pei Gao to second
|
|
Batting: RHB Mike Bell
|
0-0: Called Strike 0-1: Ball 1-1: Swinging Strike 1-2: Ball 2-2: Ball 3-2: Foul Ball, location: 2F 3-2: Base on Balls Guan-pei Gao to third David Clough to second
|
|
Batting: RHB Jake Cox
|
0-0: Called Strike 0-1: Foul Ball, location: 2F 0-2: Foul Ball, location: 2F 0-2: Fielders Choice at 2nd, 3-6 (Groundball, 34D, EV 80.6 MPH) Guan-pei Gao scores David Clough to third
|
|
Batting: RHB Mike Meeker
|
0-0: Fly out, F7 (Flyball, 7D, EV 98.1 MPH) Runner from 3rd tags up, SCORES, throw by LF
|
|
Batting: RHB Alberto Ramirez
|
0-0: Ball 1-0: DOUBLE (Line Drive, 78M, EV 101.9 MPH) Jake Cox to third Runner from 3rd tries for Home, throw by LF and OUT! 7-6-2
|
| Bottom of the 5th over - 2 runs, 2 hits, 0 errors, 1 left on base; Harrisburg 4 - Reading 2 |
| TOP OF THE 6TH |
|
Harrisburg Senators batting - Pitching for Reading Fightin Phils : RHP Dale Turner
|
|
Batting: LHB Chris Williams
|
0-0: Ball 1-0: Called Strike 1-1: DOUBLE (Flyball, 8LXD, EV 102.5 MPH)
|
|
Batting: RHB Nate Dickinson
|
0-0: Ball 1-0: Foul Ball, location: 2F 1-1: Called Strike 1-2: Fly out, F9 (Flyball, 89S, EV 91.9 MPH)
|
|
Batting: RHB Pat Scaturro
|
0-0: Called Strike 0-1: Ball 1-1: Ball 2-1: Swinging Strike 2-2: Ball 3-2: Fly out, F9 (Flyball, 9LM, EV 98.1 MPH) Runner from 2nd tags up, SAFE at 3rd, no throw by RF
|
|
Pitching: RHP T.J. Gray
|
|
|
Batting: LHB Chance McWilliams
|
0-0: Called Strike 0-1: Ball 1-1: Ground out 4-3 (Groundball, 4, EV 86.9 MPH)
|
| Top of the 6th over - 0 runs, 1 hit, 0 errors, 1 left on base; Harrisburg 4 - Reading 2 |
| BOTTOM OF THE 6TH |
|
Reading Fightin Phils batting - Pitching for Harrisburg Senators : RHP Jimmy Purscell
|
|
Batting: RHB Chris Myers
|
0-0: Ball 1-0: Ball 2-0: Ball 3-0: Called Strike 3-1: Ground out 5-3 (Groundball, 56, EV 103.8 MPH)
|
|
Batting: RHB Greg Herzig
|
0-0: Ball 1-0: Ball 2-0: Ball 3-0: Called Strike 3-1: Base on Balls
|
|
Batting: RHB Victor Arroyo
|
0-0: Called Strike 0-1: Ball 1-1: Called Strike 1-2: Strikes out looking
|
|
Batting: RHB Guan-pei Gao
|
0-0: Called Strike 0-1: Called Strike 0-2: Foul Ball, location: 2F 0-2: Ball 1-2: Hit by Pitch Greg Herzig to second
|
|
Batting: RHB David Clough
|
0-0: Swinging Strike 0-1: Swinging Strike 0-2: Ball 1-2: Ball 2-2: Ball 3-2: Strikes out swinging
|
| Bottom of the 6th over - 0 runs, 0 hits, 0 errors, 2 left on base; Harrisburg 4 - Reading 2 |
| TOP OF THE 7TH |
|
Harrisburg Senators batting - Pitching for Reading Fightin Phils : RHP T.J. Gray
|
|
Batting: RHB Antonio Vallez
|
0-0: Ball 1-0: Ball 2-0: Foul Ball, location: 2F 2-1: Foul Ball, location: 2F 2-2: Fly out, F8 (Flyball, 8RXD, EV 81.9 MPH)
|
|
Batting: RHB Victor Cintron
|
0-0: Ball 1-0: Foul Ball, location: 2F 1-1: Foul Ball, location: 2F 1-2: Ball 2-2: Ground out 6-3 (Groundball, 6S, EV 83.1 MPH)
|
|
Batting: RHB Bobby Bricker
|
0-0: Called Strike 0-1: Foul Ball, location: 2F 0-2: Strikes out swinging
|
| Top of the 7th over - 0 runs, 0 hits, 0 errors, 0 left on base; Harrisburg 4 - Reading 2 |
| BOTTOM OF THE 7TH |
|
Reading Fightin Phils batting - Pitching for Harrisburg Senators : RHP Jimmy Purscell
|
|
Pitching: LHP Johnny Busse
|
|
|
Batting: RHB Mike Bell
|
0-0: Called Strike 0-1: Swinging Strike 0-2: Foul Ball, location: 2F 0-2: Foul Ball, location: 2F 0-2: Ground out 1-3 (Groundball, P, EV 74.4 MPH)
|
|
Batting: RHB Jake Cox
|
0-0: Called Strike 0-1: Ball 1-1: Foul Ball, location: 2F 1-2: Ground out 4-3 (Groundball, 4, EV 83.1 MPH)
|
|
Batting: RHB Mike Meeker
|
0-0: Ball 1-0: Ground out U3 (Groundball, 34S, EV 62.5 MPH)
|
| Bottom of the 7th over - 0 runs, 0 hits, 0 errors, 0 left on base; Harrisburg 4 - Reading 2 |
| TOP OF THE 8TH |
|
Harrisburg Senators batting - Pitching for Reading Fightin Phils : RHP T.J. Gray
|
|
Batting: RHB Er Le
|
0-0: Ball 1-0: Swinging Strike 1-1: Foul Ball, location: 2F 1-2: Ground out 4-3 (Groundball, 34, EV 80.6 MPH)
|
|
Batting: LHB Kevin Kantor
|
0-0: Ball 1-0: Ball 2-0: Ground out 4-3 (Groundball, 4, EV 83.1 MPH)
|
|
Batting: LHB Chris Williams
|
0-0: Called Strike 0-1: Swinging Strike 0-2: Ball 1-2: Ball 2-2: Foul Ball, location: 2F 2-2: Fly out, F9 (Flyball, 9, EV 92.5 MPH)
|
| Top of the 8th over - 0 runs, 0 hits, 0 errors, 0 left on base; Harrisburg 4 - Reading 2 |
| BOTTOM OF THE 8TH |
|
Reading Fightin Phils batting - Pitching for Harrisburg Senators : LHP Johnny Busse
|
|
Batting: RHB Alberto Ramirez
|
0-0: Ball 1-0: Foul Ball, location: 2F 1-1: Ball 2-1: Foul Ball, location: 2F 2-2: Ground out 6-3 (Groundball, 6, EV 81.9 MPH)
|
|
Batting: RHB Chris Myers
|
0-0: Ball 1-0: SINGLE (Groundball, 6D, EV 94.4 MPH)
|
|
Batting: RHB Greg Herzig
|
0-0: Ball 1-0: Fielders Choice at 2nd, 6-4 (Groundball, 6, EV 83.1 MPH)
|
|
Batting: RHB Victor Arroyo
|
0-0: Ball 1-0: Ball 2-0: Ball 3-0: Called Strike 3-1: Foul Ball, location: 2F 3-2: Ground out 6-3 (Groundball, 6, EV 105.6 MPH)
|
| Bottom of the 8th over - 0 runs, 1 hit, 0 errors, 1 left on base; Harrisburg 4 - Reading 2 |
| TOP OF THE 9TH |
|
Harrisburg Senators batting - Pitching for Reading Fightin Phils : RHP T.J. Gray
|
|
Batting: RHB Nate Dickinson
|
0-0: Called Strike 0-1: Ball 1-1: Swinging Strike 1-2: Ground out 5-3 (Groundball, 5, EV 97.5 MPH)
|
|
Batting: RHB Pat Scaturro
|
0-0: Swinging Strike 0-1: Ball 1-1: Foul Ball, location: 2F 1-2: Ball 2-2: Ground out 3-1 (Groundball, 34, EV 91.2 MPH)
|
|
Batting: LHB Chance McWilliams
|
0-0: Called Strike 0-1: Ball 1-1: Ball 2-1: Ground out U3 (Groundball, 3, EV 89.4 MPH)
|
| Top of the 9th over - 0 runs, 0 hits, 0 errors, 0 left on base; Harrisburg 4 - Reading 2 |
| BOTTOM OF THE 9TH |
|
Reading Fightin Phils batting - Pitching for Harrisburg Senators : LHP Johnny Busse
|
|
Pitching: RHP Stacey Kerssies
|
|
|
Batting: RHB Guan-pei Gao
|
0-0: Fly out, F7 (Flyball, 78S, EV 92.5 MPH)
|
|
Batting: RHB David Clough
|
0-0: Ball 1-0: Swinging Strike 1-1: Swinging Strike 1-2: Foul Ball, location: 2F 1-2: Ball 2-2: Ball 3-2: Foul Ball, location: 2F 3-2: Base on Balls
|
|
Batting: RHB Mike Bell
|
0-0: Ball 1-0: Ball 2-0: Ball 3-0: Called Strike 3-1: SINGLE (Line Drive, 8LS, EV 103.8 MPH) David Clough to second
|
|
Batting: RHB Jake Cox
|
0-0: Called Strike 0-1: Called Strike 0-2: Strikes out looking
|
|
Batting: RHB Mike Meeker
|
0-0: Ball 1-0: Fly out, F8 (Flyball, 8RM, EV 87.5 MPH)
|
| Bottom of the 9th over - 0 runs, 1 hit, 0 errors, 2 left on base; Harrisburg 4 - Reading 2 |
|